 Dungeon Crawl Stone Soup version 0.30-a0-808-g6e0788376e (webtiles) character file.

Game seed: 14149054345025783487

619 cforsyth the Sneak (level 7, -8/44 HPs)
             Began as a Kobold Brigand on Feb 26, 2023.
             Mangled by an ice beast (13 damage)
             ... on level 5 of the Dungeon.
             The game lasted 00:05:02 (3457 turns).

cforsyth the Sneak (Kobold Brigand)                 Turns: 3457, Time: 00:05:03

Health: -8/44      AC:  3    Str:  8    XL:     7   Next: 74%
Magic:  7/7        EV: 17    Int: 13    God:
Gold:   330        SH:  0    Dex: 20    Spells: 6/6 levels left

rFire   . . .      SeeInvis .    a - +2 dagger
rCold   . . .      Faith    .    (no shield)
rNeg    . . .      Spirit   .    b - +0 robe
rPois   +          Reflect  .    (no helmet)
rElec   .          Harm     .    c - +0 cloak
rCorr   .          Rampage  .    (no gloves)
Will    .....      Clarity  +    (no boots)
Stlth   ++++++                   (no amulet)
HPRegen 0.27/turn                (no ring)
MPRegen 0.10/turn                (no ring)

@: no status effects
A: small, no large weapons, nightstalker 3, thin skeletal structure 1, clarity,
poison resistance
a: no special abilities


You were on level 5 of the Dungeon.
You visited 1 branch of the dungeon, and saw 5 of its levels.

You collected 330 gold pieces.

Inventory:

Hand Weapons
 a - a +2 dagger (weapon)
Missiles
 d - 29 poisoned darts (quivered)
 e - 3 curare-tipped darts
Armour
 b - a +0 robe (worn)
 c - a +0 cloak (worn)
Jewellery
 g - a ring of wizardry
 o - an amulet of reflection
Wands
 p - a wand of digging (9)
Scrolls
 i - a scroll of poison
 j - a scroll of acquirement
 l - 2 scrolls of identify
 m - 2 scrolls of enchant armour
 n - a scroll of vulnerability
 q - a scroll of enchant weapon
 t - a scroll of fear
 u - a scroll of amnesia
Potions
 f - a potion of curing
 h - a potion of mutation
 s - a potion of haste


   Skills:
 + Level 4.8 Fighting
 + Level 5.6 Short Blades
 - Level 2.1 Throwing
 + Level 4.6 Dodging
 + Level 7.7 Stealth


You had 6 spell levels left.
You didn't know any spells.
Your spell library contained the following spells:

 Spells                   Type           Power      Damage    Failure   Level
 Cigotuvi's Dreadful Rot  Necr/Pois/Air  0%         N/A       43%         2
 Poisonous Vapours        Pois/Air       0%         N/A       43%         2
 Mephitic Cloud           Conj/Pois/Air  0%         N/A       67%         3
 Ozocubu's Armour         Ice            0%         N/A       67%         3
 Metabolic Englaciation   Hex/Ice        0%         N/A       100%        5
 Simulacrum               Ice/Necr       0%         N/A       100%        6


Dungeon Overview and Level Annotations

Branches:
Dungeon (5/15)
 Temple: D:4-7

Altars:
Cheibriados
Gozag
Makhleb
Trog
Wu Jian

Annotations:
D:3 1 runed translucent door, Crazy Yiuf


Innate Abilities, Weirdness & Mutations

You are small and have problems with some larger weapons.
You are completely attuned to the shadows.
You have a somewhat thin skeletal structure. (Dex +2, Stealth+)
You possess an exceptional clarity of mind.
Your system is resistant to poisons. (rPois)


Message History

The ice beast is moderately wounded.
The ice beast misses you. The orc hits you with a +0 flail!
You hit the ice beast.
The ice beast is moderately wounded.
You hear the slow rusting of a drain nearby.
The orc hits you with a +0 flail. The ice beast closely misses you.
You hit the ice beast.
The ice beast is moderately wounded.
The orc attacks as you move away! The orc barely misses you.
You hit the orc.
The orc is lightly wounded.
The orc closely misses you.
You barely miss the orc.
The orc is lightly wounded.
The orc barely misses you.
You hit the orc.
You kill the orc!
You hit the ice beast.
The ice beast is heavily wounded.
You hit the ice beast but do no damage.
The ice beast is heavily wounded.
The ice beast misses you.
You hit the ice beast.
The ice beast is heavily wounded.
The ice beast hits you. The ice beast freezes you!
* * * LOW HITPOINT WARNING * * *
You hit the ice beast.
The ice beast is severely wounded.
The ice beast barely misses you.
You closely miss the ice beast.
The ice beast is severely wounded.
You hit the ice beast.
The ice beast is almost dead.
The ice beast hits you but does no damage.
You hit the ice beast but do no damage.
The ice beast is almost dead.
The ice beast hits you.
* * * LOW HITPOINT WARNING * * *
The ice beast freezes you!
You die...

,,,,* *,,,*#,#.# *.#,***,,,,,,,,,
,,,,***,,,##.#.###.#,*,,,,*+***,*
,,,,+,+,,,+..#)....#,*,***,,,**,*
,,,,***,,,*#.....$.#,*,* #...#*,*
,,,,,**,,,*#.#..).$#.#,* #...#*,*
**+*,,,,,,..So.#...#.#.###...##.*
~~~*,,****##o###)#.#.#.......'.,.
∩~~*,,***,.o.,*#Y#.#.####....#*,.
~~~*,,*_',..,,*#@#..........####.
~~~*,,***,,,,,*#+##.#####........
****,,*,,,,,,,*,,....,,*#######..
,,,,,,*,,,,,,,*,...###,,,** #..
*******,,,,,,,*,...* ***,,** #..
*,,,,,,,*,,,,******,,**##..
******+**,,,,**,,,,,,,.....
*,,+,,,,**,****,*.....
****,,,,**,* *,,>....


You could see an ice beast.

Vanquished Creatures
  A black bear (D:4)
  A phantom (D:4)
  A necrophage (D:4)
  2 scorpions (D:4)
  3 orc priests
  A hound (D:5)
  Jessica (D:3)
  An orc wizard (D:4)
  2 adders
  3 dart slugs
  11 orcs
  3 ball pythons
  9 endoplasms
  A giant cockroach (D:1)
  5 goblins
  4 hobgoblins
  3 jackals (D:3)
  3 quokkas
  6 bats
  8 frilled lizards
  10 kobolds
  A rat (D:2)
80 creatures vanquished.

Notes
Turn   | Place    | Note
-------+----------+-------------------------------------------
     0 | D:1      | cforsyth the Kobold Brigand began the quest for the Orb.
     0 | D:1      | Reached XP level 1. HP: 12/12 MP: 1/1
   170 | D:1      | Reached XP level 2. HP: 18/18 MP: 2/2
   857 | D:2      | Reached XP level 3. HP: 22/22 MP: 3/3
  1612 | D:3      | Found a faded altar of an unknown god.
  1694 | D:3      | Found a runed translucent door.
  1697 | D:3      | Noticed Crazy Yiuf
  1723 | D:3      | Reached XP level 4. HP: 27/27 MP: 4/4
  1745 | D:3      | Noticed Jessica
  1751 | D:3      | Killed Jessica
  1752 | D:3      | Reached skill level 6 in Stealth
  1761 | D:3      | Found a snail-covered altar of Cheibriados.
  1798 | D:3      | Found an ornate altar of the Wu Jian Council.
  1798 | D:3      | Found a burning altar of Makhleb.
  1808 | D:3      | Found a bloodstained altar of Trog.
  2328 | D:3      | Reached XP level 5. HP: 32/32 MP: 5/5
  2424 | D:4      | Gained mutation: You possess an exceptional clarity of
                  | mind. [potion of mutation]
  2424 | D:4      | Gained mutation: Your system is resistant to poisons.
                  | (rPois) [potion of mutation]
  2424 | D:4      | Gained mutation: You have a somewhat thin skeletal
                  | structure. (Dex +2, Stealth+) [potion of mutation]
  2555 | D:4      | Reached XP level 6. HP: 38/38 MP: 6/6
  2596 | D:4      | Noticed a black bear
  2600 | D:4      | Killed a black bear
  2601 | D:4      | Reached skill level 7 in Stealth
  2638 | D:4      | Reached skill level 5 in Short Blades
  2638 | D:4      | Reached XP level 7. HP: 29/43 MP: 7/7
  2805 | D:4      | Found an opulent altar of Gozag.
  3333 | D:5      | Entered Level 5 of the Dungeon
  3336 | D:5      | Identified a scroll of acquirement
  3457 | D:5      | Mangled by an ice beast

Illustrated notes

Levels and vault maps discovered:
D:1:      co_arrival_random_square_maze, layout_loops_ring
D:2:      layout_basic, grunt_ministairs_10
D:3:      layout_basic, grunt_temple_overflow_cloverleaf,
          ebering_ecumenical_altar_webs, grunt_ministairs_1,
          uniq_crazy_yiuf_cottage, uniq_jessica
D:4:      layout_basic, mainiacjoe_overflow_catwalk, dreamdust_wishing_well
D:5:      wad_river_or_something, layout_basic, mainiacjoe_overflow_24_doors,
          kennysheep_mini, marbit_many_paths, portal_sewer_entry_c,
          kennysheep_generic_room_13

Skill      XL: |  1  2  3  4  5  6 |
---------------+-------------------+-----
Short Blades   | 3 4 5 |  5.6
Dodging        | 2 3 4 |  4.6
Fighting       | 3 4 |  4.8
Stealth        | 6 7 |  7.7
Throwing       | |  2.1

Action                     |  1- 3 |  4- 6 |  7- 9 || total
---------------------------+-------+-------+-------++-------
  Melee: Dagger            |    54 |   106 |    63 ||   223
         Punch             |       |       |     1 ||     1
    Use: Potion            |       |     4 |       ||     4
         Scroll            |       |       |    11 ||    11
   Stab: Sleeping          |    23 |    13 |     8 ||    44
         Distracted        |       |     2 |       ||     2
 Armour: Robe              |     3 |    18 |     5 ||    26
  Dodge: Dodged            |    20 |    52 |    44 ||   116

Table legend: (Time is in decaauts)
 A = Elapsed time spent in this place.
 B = Non-inter-level travel time spent in this place.
 C = Inter-level travel time spent in this place.
 D = Time resting spent in this place.
 E = Time spent auto-exploring this place.
 F = Levels seen in this place.
 G = Mean time per level.
                   A        B        C        D        E       F      G
               +--------+--------+--------+--------+--------+-----+--------+
         Total |   3389 |   3264 |    125 |      0 |   2760 |   5 |  677.8 |
       Dungeon |   3389 |   3264 |    125 |      0 |   2760 |   5 |  677.8 |
               +--------+--------+--------+--------+--------+-----+--------+

Top non-repeatable levels by time:
     D:4: 915 daAuts
     D:3: 836 daAuts
     D:2: 764 daAuts
     D:1: 763 daAuts
     D:5: 110 daAuts
